 Dungeon Crawl Stone Soup version 0.30-a0-696-g2367cd04db (webtiles) character file.

Game seed: 212163448158988003

202 kae the Changer (level 5, 0/38 HPs)
             Began as a Demonspawn Transmuter on Jan 20, 2023.
             Splashed by a jelly's acid (3 damage)
             ... in a sewer.
             The game lasted 00:03:39 (3168 turns).

kae the Changer (Demonspawn Transmuter)             Turns: 3168, Time: 00:03:39

Health: 0/38       AC: -2    Str: 11    XL:     5   Next: 50%
Magic:  7/9        EV: 19    Int: 16    God:
Gold:   120        SH:  0    Dex: 18    Spells: 4/10 levels left

rFire   . . .      SeeInvis .      - Unarmed
rCold   . . .      Faith    .    (shield currently unavailable)
rNeg    . . .      Spirit   .    (body armour currently unavailable)
rPois   x          Reflect  .    (helmet currently unavailable)
rElec   .          Harm     .    (cloak currently unavailable)
rCorr   .          Rampage  .    (gloves currently unavailable)
Will    .....                    (boots currently unavailable)
Stlth   ++                       (no amulet)
HPRegen 0.26/turn                Z - ring of wizardry
MPRegen 0.11/turn                (no ring)

@: spider-form (expiring), corroded
A: venomous fangs, tiny, rugged brown scales 1, ignite blood 1, powered by death
1, (demonic touch 1)
a: End Transformation


You were in a sewer.
You were a venomous arachnid creature.
You visited 1 branch of the dungeon, and saw 4 of its levels.
You also visited: Sewer.

You collected 120 gold pieces.


Innate Abilities, Weirdness & Mutations

You are a venomous arachnid creature.
You have venomous fangs.
You are tiny and dextrous.
Your spellcasting is less reliable in this form.
Your armour is entirely melded.
You are incapable of wielding weapons or throwing items.
(You are partially covered in rugged brown scales. (AC +1, +3% HP))
Your demonic aura sometimes causes spilled blood to erupt in flames.
You regenerate a little health from kills.
((Your touch may inflict minor irresistible damage on your foes.))


   Skills:
 - Level 1.0 Fighting
 - Level 1.7 Dodging
 + Level 3.5 Unarmed Combat
 + Level 3.0 Spellcasting
 * Level 3.7 Transmutations
 + Level 1.5 Poison Magic


You had 4 spell levels left.
You knew the following spells:

 Your Spells              Type           Power      Damage    Failure   Level
a - Beastly Appendage     Tmut           28%        N/A       5%          1
b - Wereblood             Tmut           14%        N/A       7%          2
c - Spider Form           Tmut/Pois      10%        N/A       16%         3

Your spell library contained the following spells:

 Spells                   Type           Power      Damage    Failure   Level
 Ignite Poison            Fire/Tmut/Pois 8%         N/A       21%         3
 Ice Form                 Ice/Tmut       8%         N/A       50%         4
 Sticky Flame             Conj/Fire      2%         2d3       71%         4
 Ignition                 Fire           1%         3d3       100%        8

Inventory:

Missiles
 e - 2 datura-tipped darts
 f - 25 stones
 i - 6 boomerangs
Armour
 a - a +0 robe (melded)
Jewellery
 F - a ring of fire
   (You found it on level 3 of the Dungeon)
 Z - a ring of wizardry (left front pincers)
   (You found it on level 2 of the Dungeon)
Wands
 j - a wand of digging (3)
   (You found it on level 4 of the Dungeon)
 m - a wand of iceblast (7)
   (You found it on level 2 of the Dungeon)
Scrolls
 h - 3 scrolls of identify {@r1}
 k - 4 scrolls of teleportation {@r4}
Potions
 b - 2 potions of lignification {!q}
 c - 3 potions of degeneration {!q}
 d - 2 potions of curing {@q1}
 g - 2 potions of might
 l - 3 potions of haste {unknown}

Dungeon Overview and Level Annotations

Branches:
Dungeon (4/15) Zot: 21089   Sewer (1/1) Zot: 5738
 Temple: D:4-7

Altars:

#....~.~#~~~## .~
#.~######
~..##~~.##..~##~. #..#
.~##..~~~##~.~~.~##.†#
~.
#~~#...#.~.~.###..######
#..##.##.~#### #.~.~..~.
#.~.###~..# #~~~...~.
##∩~.~....# #########
##.~~~..## ####~s## #J~#
#.~.# ~.~.## ~~..##
#..~. #.... #?..#


You could see a jelly.


Message History

You miss the adder. You claw the adder.
Your transformation is almost over.
You feel sick. The adder barely misses you. The adder misses you.
You barely miss the adder. Your kick misses the adder. You headbutt the adder!
You kill the adder!
You feel sick. 😕 HP[-2]
You take 2 damage, and now have 32/38 hp.
You enter the shallow water.
Moving in this stuff is going to be slow.
You feel sick. 😕 HP[-1]
You take 1 damage, and now have 31/38 hp.
Unknown command.
You feel sick. 😕 HP[-2]
You take 2 damage, and now have 29/38 hp.
Unknown command.
Unknown command.
You feel sick.
You are no longer poisoned.
Your horns disappear.
Your talons disappear.
You enter the shallow water.
Moving in this stuff is going to be slow.
You enter the shallow water.
Moving in this stuff is going to be slow.
You enter the shallow water.
Moving in this stuff is going to be slow.
l - 2 fizzy blue potions 😎 HP[+9]
Your hp is fully restored (38).
Unknown command.
l - 3 fizzy blue potions (gained 1)
You enter the shallow water.
Moving in this stuff is going to be slow.
Found a gate leading back out of this place.
Unknown command.
You enter the shallow water.
Moving in this stuff is going to be slow.
A jelly comes into view.
A jelly is nearby!
A jelly is nearby!
A jelly comes into view.
Casting: Beastly Appendage (safe; 1% risk of failure)
Confirm with . or Enter, or press ? or * to list all spells.
You turn into a venomous arachnid creature.
Your +0 robe melds into your body. 😎 MP[-3]
You lost 3 mp, and now have 6/9 mp.
There are monsters nearby!
You bite the jelly!
The jelly is poisoned.
Your front pincers burn!
Your transformation is almost over.
The jelly completely misses you.
You hit the jelly.
Your front pincers burn!
The jelly quivers.
The jelly barely misses you. 😕 HP[-8]
You take 8 damage, and now have 30/38 hp.
MASSIVE DAMAGE!! (PAUSE)
You hit the jelly.
You kill the jelly!
Your Spellcasting skill increases to level 3! 😕 HP[+1] Unknown command. 😕 HP[+2]
You regained 2 hp, and now have 33/38 hp. 😕 HP[+1] 😕 MP[+1]
You bite the jelly! The acid corrodes you!
Your front pincers burn!
The jelly closely misses you. 😕 HP[-1]
You take 1 damage, and now have 33/38 hp.
You hit the jelly.
Your front pincers burn!
The jelly completely misses you. 😕 HP[-2]
You take 2 damage, and now have 31/38 hp.
Unknown command.
You hit the jelly but do no damage.
Your front pincers burn!
The jelly hits you. The acid corrodes you!
You are splashed with acid!
* * * LOW HITPOINT WARNING * * *
😨 HP[-14]
You take 14 damage, and now have 17/38 hp.
MASSIVE DAMAGE!! (PAUSE)
You hit the jelly.
Your front pincers burn!
* * * LOW HITPOINT WARNING * * *
The jelly hits you.
* * * LOW HITPOINT WARNING * * *
You are splashed with acid!
* * * LOW HITPOINT WARNING * * *
😱 HP[-13]
You take 13 damage, and now have 4/38 hp.
MASSIVE DAMAGE!! (PAUSE)
You hit the jelly but do no damage.
Your front pincers burn!
* * * LOW HITPOINT WARNING * * *
The jelly completely misses you. 😱 HP[-1]
You take 1 damage, and now have 3/38 hp.
Unknown command.
Unknown command.
You hit the jelly.
Your front pincers burn!
You die...

Skill      XL: |  1  2  3  4  5 |
---------------+----------------+-----
Transmutations | 2 3 |  3.7
Unarmed Combat | 3 |  3.5
Poison Magic   | 1 |  1.5
Spellcasting   | 3 |  3.0
Fighting       | |  1.0
Dodging        | |  1.7

Action                   |  1- 3 |  4- 6 || total
-------------------------+-------+-------++-------
Melee: Unarmed           |   117 |    91 ||   208
       Kick              |    15 |    13 ||    28
       Headbutt          |    11 |     6 ||    17
       Touch             |     6 |     6 ||    12
 Cast: Beastly Appendage |    31 |    15 ||    46
       Spider Form       |     4 |     3 ||     7
       Wereblood         |       |     2 ||     2
  Use: Scroll            |     8 |     3 ||    11
 Stab: Sleeping          |     2 |       ||     2
Armor: Robe              |    23 |    14 ||    37
       Skin              |     4 |     2 ||     6
Dodge: Dodged            |    99 |    71 ||   170

Levels and vault maps discovered:
D:1:      roderic_octagonal_star, layout_basic, minmay_tetromino_s4
D:2:      layout_loops_cross
D:3:      layout_rooms
D:4:      layout_gridville, nicolae_wu_jian_wuxing_cycle,
          cheibrodos_sewer_entry_bend, dreamdust_mushroom_princess, minivault_4,
          nicolae_shop_firing_range
Sewer:    sewer_hellmonk_slimy_pipes

Notes
Turn   | Place    | Note
-------+----------+-------------------------------------------
     0 | D:1      | kae the Demonspawn Transmuter began the quest for the Orb.
     0 | D:1      | Reached XP level 1. HP: 15/15 MP: 3/3
     0 | D:1      | magus.rc [v1.11.3]
   129 | D:1      | Reached skill level 2 in Transmutations
   249 | D:1      | Gained mutation: Your touch may inflict minor irresistible
                  | damage on your foes. [demonic ancestry]
   249 | D:1      | Reached XP level 2. HP: 21/21 MP: 3/5
   510 | D:1      | Reached skill level 3 in Unarmed Combat
   884 | D:1      | Gained mutation: You are partially covered in rugged brown
                  | scales. (AC +1, +3% HP) [demonic ancestry]
   884 | D:1      | Reached XP level 3. HP: 18/26 MP: 4/6
   887 | D:1      | Learned a level 2 spell: Wereblood
   891 | D:1      | Learned a level 3 spell: Spider Form
  1243 | D:2      | Identified the +0 short sword "Fish" {venom, *Noise rPois
                  | rF+++ Stlth+}
  1930 | D:3      | Reached skill level 3 in Transmutations
  2015 | D:3      | Gained mutation: Your demonic aura sometimes causes spilled
                  | blood to erupt in flames. [demonic ancestry]
  2015 | D:3      | Reached XP level 4. HP: 28/32 MP: 4/7
  2107 | D:3      | You add the spells Ignite Poison, Sticky Flame and Ignition
                  | to your library.
  2386 | D:4      | Reached skill level 1 in Poison Magic
  2844 | D:4      | Found a glowing drain.
  2872 | D:4      | Gained mutation: You regenerate a little health from kills.
                  | [demonic ancestry]
  2872 | D:4      | Reached XP level 5. HP: 15/38 MP: 1/9
  2917 | Sewer    | Entered a sewer
  3160 | Sewer    | Reached skill level 3 in Spellcasting
  3166 | Sewer    | HP: 4/38 [acid (9)]
  3168 | Sewer    | Splashed by a jelly's acid

Vanquished Creatures
  A jelly (Sewer)
  An orc wizard (D:3)
  4 adders
  A river rat (Sewer)
  5 worms
  A dart slug (D:3)
  5 orcs (D:3)
  6 endoplasms
  4 giant cockroaches
  5 goblins (D:1)
  2 hobgoblins
  8 jackals
  9 kobolds
  5 quokkas
  12 ball pythons
  6 bats
  A frilled lizard (D:1)
  5 rats
81 creatures vanquished.

Table legend:
 A = Non-vault XP
 B = Vault XP
 C = Vault XP percentage of total XP
 D = Non-vault monster count
 E = Vault monster count
 F = Vault count percentage of total count
                 A         B        C        D         E       F
            +---------+---------+-------+---------+---------+-------
      Total |     179 |     110 |  38.1 |      64 |      17 |  21.0
            +---------+---------+-------+---------+---------+-------
        D:1 |      41 |       2 |   4.7 |      25 |       1 |   3.8
        D:2 |      34 |       0 |   0.0 |      13 |       0 |   0.0
        D:3 |      76 |       0 |   0.0 |      17 |       0 |   0.0
        D:4 |      28 |      15 |  34.9 |       9 |       3 |  25.0
      Sewer |       0 |      93 | 100.0 |       0 |      13 | 100.0
            +---------+---------+-------+---------+---------+-------

Illustrated notes

Table legend:
 A = Kills in this place as a percentage of kills in entire the game.
 B = Kills by you in this place as a percentage of kills by you in the entire game.
 C = Kills by friends in this place as a percentage of kills by friends in the entire game.
 D = Other kills in this place as a percentage of other kills in the entire game.
 E = Experience gained in this place as a percentage of experience gained in the entire game.
 F = Experience gained in this place divided by the number of levels of this place that you have seen.
                   A       B       C       D       E      F
               +-------+-------+-------+-------+-------+----------------------
         Total | 100.0 | 100.0 |   N/A |   N/A | 100.0 |  57.8
       Dungeon |  84.0 |  84.0 |   N/A |   N/A |  67.8 |  49.0
         Sewer |  16.0 |  16.0 |   N/A |   N/A |  32.2 |  93.0
               +-------+-------+-------+-------+-------+----------------------

Table legend: (Time is in decaauts)
 A = Elapsed time spent in this place.
 B = Non-inter-level travel time spent in this place.
 C = Inter-level travel time spent in this place.
 D = Time resting spent in this place.
 E = Time spent auto-exploring this place.
 F = Levels seen in this place.
 G = Mean time per level.
                   A        B        C        D        E       F      G
               +--------+--------+--------+--------+--------+-----+--------+
         Total |   3172 |   3103 |     69 |    128 |   2217 |   5 |  634.4 |
       Dungeon |   2910 |   2841 |     69 |     59 |   2135 |   4 |  727.5 |
         Sewer |    261 |    261 |      0 |     69 |     82 |   1 |  261.0 |
               +--------+--------+--------+--------+--------+-----+--------+

Top non-repeatable levels by time:
     D:1: 1172 daAuts
     D:2: 702 daAuts
     D:4: 545 daAuts
     D:3: 490 daAuts
   Sewer: 261 daAuts
